Blues vs Oilers
Created - 30 novembre 2013 at 22:54
Goals
|
| Blues |
3 |
0 |
1 |
4 |
| Oilers |
2 |
0 |
1 |
3 |
|
Shots
|
| Blues |
10 |
5 |
10 |
25 |
| Oilers |
10 |
5 |
14 |
29 |
|
1st period
1. Blues , Jamie Langenbrunner 5 (Nik Antropov) at 6:46 (SH)
2. Blues , Paul Kariya 9 (Nik Antropov, Jarome Iginla) at 7:27 (PP)
3. Oilers , Pavel Datsyuk 13 (Joe Callahan, Duncan Keith) at 12:47
4. Oilers , Ilya Kovalchuk 16 (Steve Montador, Jonathan Toews) at 14:13
5. Blues , Darcy Hordichuk 1 (Drew Fata, Jamie Langenbrunner) at 17:06
Penalties :
Patrick Kaleta (Edm) for Boarding (Minor) at 0:55, David Perron (STL) for Interference (Minor) at 4:56, Markus Naslund (Edm) for Hooking (Minor) at 7:17, Ilya Kovalchuk (Edm) for High sticking (Minor) at 8:34, Jarome Iginla (STL) for Roughing (Minor) at 18:29
2nd period
No Goal
Penalties :
Steve Montador (Edm) for Interference (Minor) at 5:04, Cam Ward (Edm) for Unsportsmanlike conduct (Major / Game Misconduct) at 12:03 - Frantisek Kaberle served the penalty
3rd period
6. Oilers , Pavel Datsyuk 14 (Markus Naslund) at 2:28 (PP)
7. Blues , Darcy Hordichuk 2 (Matthew Lombardi, Paul Kariya) at 9:55
Penalties :
Nik Antropov (STL) for Hooking (Minor) at 1:52, Steve Begin (Edm) for Hooking (Minor) at 3:39, Darcy Hordichuk (STL) for Hooking (Minor) at 7:41, Joe Corvo (STL) for Hooking (Minor) at 12:32, Alexei Yashin (Edm) for Interference (Minor) at 16:07, Nigel Dawes (STL) for High sticking (Minor) at 18:16
Goalie Stats
Tim Thomas (STL), 26 saves from 29 shots - (0,897), W, 6-5-0, 60:00 minutes
Cam Ward (Edm), 11 saves from 14 shots - (0,786), 32:03 minutes
Scott Clemmensen (Edm), 10 saves from 11 shots - (0,909), L, 1-1-1, 27:57 minutes
Players Stats for Blues
Player Name G A P +/- PIM S H SB GA TA FO MP PP MP PK MP
------------------------------------------------------------------------------------
Andrew Cogliano 0 0 0 0 0 0 0 1 0 0 2/2 7:28 0:48 0:18
Blake Wheeler 0 0 0 0 0 0 2 1 0 0 0/1 9:09 1:26 0:00
Brent Burns 0 0 0 -1 0 0 1 1 0 0 0/0 26:21 7:43 6:15
Brian Lee 0 0 0 0 0 1 0 1 0 0 0/0 21:21 6:26 0:40
Bryce Lampman 0 0 0 0 0 0 1 0 0 0 0/0 18:01 0:55 4:16
Dan Boyle 0 0 0 -1 0 1 1 0 0 0 0/0 21:40 7:50 0:00
Darcy Hordichuk 2 0 2 2 2 6 2 0 1 0 0/0 13:13 1:26 0:39
David Perron 0 0 0 0 2 4 1 0 0 0 0/0 15:11 6:14 1:14
Drew Fata 0 1 1 2 0 0 0 1 0 0 0/0 15:14 0:48 5:59
Jamie Langenbrunner 1 1 2 2 0 2 4 0 1 0 1/1 18:51 6:14 2:54
Jarome Iginla 0 1 1 -2 2 1 0 0 0 0 0/2 17:13 7:23 0:00
Joe Corvo 0 0 0 2 2 0 2 0 0 0 0/0 17:35 6:26 3:20
Matthew Lombardi 0 1 1 1 0 3 1 0 0 0 8/16 14:41 0:00 6:20
Nigel Dawes 0 0 0 0 2 0 0 0 0 0 0/0 6:31 0:00 0:10
Nik Antropov 0 2 2 2 2 3 1 0 0 0 7/18 20:00 7:24 2:54
Paul Kariya 1 1 2 -1 0 2 2 1 1 2 0/3 23:53 7:24 6:01
Steve Bernier 0 0 0 0 0 2 2 0 0 0 0/0 7:44 0:43 0:00
Travis Zajac 0 0 0 -2 0 0 0 0 0 0 5/13 15:33 6:10 0:00
Players Stats for Oilers
Player Name G A P +/- PIM S H SB GA TA FO MP PP MP PK MP
------------------------------------------------------------------------------------
Alexei Yashin 0 0 0 -1 2 1 1 2 0 0 7/10 13:57 0:00 5:53
Brad Boyes 0 0 0 0 0 2 1 0 1 1 0/2 16:18 5:11 0:00
Duncan Keith 0 1 1 1 0 2 2 2 0 0 0/0 22:35 4:58 7:27
Eric Nystrom 0 0 0 0 0 0 2 0 0 0 0/0 6:49 0:00 2:05
Erik Rasmussen 0 0 0 0 0 2 0 0 0 0 1/3 11:23 0:00 6:30
Frantisek Kaberle 0 0 0 -1 0 0 0 0 0 0 0/0 10:16 0:00 0:20
Ian White 0 0 0 -1 0 4 1 0 0 0 0/0 26:51 5:17 6:57
Ilya Kovalchuk 1 0 1 0 2 5 0 1 0 0 2/2 16:02 5:04 0:14
Joe Callahan 0 1 1 1 0 0 3 0 0 1 0/0 22:35 4:58 6:55
Joe Pavelski 0 0 0 0 0 4 0 0 0 0 0/0 15:26 5:04 0:00
Jonathan Toews 0 1 1 0 0 2 1 0 0 1 15/24 17:08 5:04 1:35
Karel Pilar 0 0 0 -1 0 0 0 2 0 0 0/0 11:20 0:00 1:49
Markus Naslund 0 1 1 0 2 0 2 0 0 0 1/2 19:04 5:11 2:40
Pascal Dupuis 0 0 0 0 0 1 1 1 0 0 0/0 11:25 0:00 6:32
Patrick Kaleta 0 0 0 -1 2 0 1 0 0 0 0/0 7:39 0:00 0:00
Pavel Datsyuk 2 0 2 0 0 3 1 1 0 0 7/13 16:25 5:11 0:00
Steve Begin 0 0 0 -1 2 3 3 0 0 0 0/0 13:42 0:00 5:31
Steve Montador 0 1 1 -1 2 0 4 2 1 0 0/0 25:55 5:17 5:48
3 Stars
1 - Jamie Langenbrunner (STL)
2 - Darcy Hordichuk (STL)
3 - Pavel Datsyuk (Edm)
Power Play
Blues - 1 on 7 Attempt(s) - 14,29%
Oilers - 1 on 6 Attempt(s) - 16,67%
Penalty Kill
Blues - 5 on 6 Attempt(s) - 83,33%
- Score 1 goal in Penalty Kill
Oilers - 6 on 7 Attempt(s) - 85,71%
- Score 0 goal in Penalty Kill
Official
Referees : Kowal Tom and Fraser Kerry
Linesman : David Brisebois and Scott Cherrey
Game Notes
Cam Ward ejected from game at 12:03 of 2nd period
Scott Clemmensen enters game at 12:03 of 2nd period
Finance
Level 1 -- Attendance: 5721 (95,35%) -- Ticket Income 486 285 $
Level 2 -- Attendance: 4801 (96,02%) -- Ticket Income 244 851 $
Level 3 -- Attendance: 1928 (96,40%) -- Ticket Income 57 840 $
Level 4 -- Attendance: 3519 (87,98%) -- Ticket Income 66 861 $
Luxury Box -- Attendance: 852 (85,20%) -- Ticket Income 142 284 $
Game was played at the Rexall Place
Total Attendance: 16821 (93,45%)
Total Ticket Income: 998 121 $
Other Income: 149 718 $
Total Income: 1 147 839 $
Blues
5 vs 5 Forward
Center Left Wing Right Wing Time % Phy DF OF
1 Travis Zajac Paul Kariya Jarome Iginla 40 1 2 2
2 Nik Antropov Darcy Hordichuk Jamie Langenbrunner 30 1 2 2
3 Matthew Lombardi David Perron Blake Wheeler 20 1 2 2
4 Andrew Cogliano Nigel Dawes Steve Bernier 10 1 2 2
5 vs 5 Defense
Defense Defense Time % Phy DF OF
1 Dan Boyle Brian Lee 40 1 2 2
2 Bryce Lampman Brent Burns 30 1 2 2
3 Drew Fata Joe Corvo 20 1 2 2
4 Dan Boyle Brent Burns 10 1 2 2
PowerPlay Forward
Center Left Wing Right Wing Time % Phy DF OF
1 Nik Antropov Paul Kariya Jarome Iginla 60 1 2 2
2 Travis Zajac David Perron Jamie Langenbrunner 40 1 2 2
PowerPlay Defense
Defense Defense Time % Phy DF OF
1 Dan Boyle Brent Burns 60 1 2 2
2 Brian Lee Joe Corvo 40 1 2 2
Penalty Kill 4 Players Forward
Center Wing Time % Phy DF OF
1 Matthew Lombardi Paul Kariya 60 1 2 2
2 Nik Antropov Jamie Langenbrunner 40 1 2 2
Penalty Kill 4 Players Defense
Defense Defense Time % Phy DF OF
1 Drew Fata Brent Burns 60 1 2 2
2 Bryce Lampman Joe Corvo 40 1 2 2
Penalty Kill - 3 Players Forward
Forward Time % Phy DF OF
1 Nik Antropov 60 1 2 2
2 Matthew Lombardi 40 1 2 2
Penalty Kill - 3 Players Defense
Defense Defense Time % Phy DF OF
1 Drew Fata Bryce Lampman 60 1 2 2
2 Joe Corvo Dan Boyle 40 1 2 2
4 vs 4 Forward
Center Wing Time % Phy DF OF
1 Travis Zajac Paul Kariya 60 1 2 2
2 Nik Antropov Jarome Iginla 40 1 2 2
4 vs 4 Defense
Defense Defense Time % Phy DF OF
1 Dan Boyle Bryce Lampman 60 1 2 2
2 Brent Burns Drew Fata 40 1 2 2
Last Minutes Offensive
Center Left Wing Right Wing Defense Defense
Travis Zajac Paul Kariya Jarome Iginla Dan Boyle Brent Burns
Last Minutes Defensive
Center Left Wing Right Wing Defense Defense
Nik Antropov Paul Kariya Jamie Langenbrunner Bryce Lampman Drew Fata
Goaltenders
Starting : Tim Thomas
Backup : Tuukka Rask
Extra Forwards
Normal : Steve Bernier, Blake Wheeler, Nigel Dawes - PP : Blake Wheeler, Darcy Hordichuk - PK : David Perron
Extra Defensemen
Normal : Brian Lee, Drew Fata, Brent Burns - PP : Bryce Lampman - PK : Joe Corvo, Brian Lee
Penalty Shots
David Perron, Nik Antropov, Jarome Iginla, Paul Kariya, Travis Zajac
Oilers
5 vs 5 Forward
Center Left Wing Right Wing Time % Phy DF OF
1 Pavel Datsyuk Markus Naslund Brad Boyes 37 1 1 3
2 Jonathan Toews Ilya Kovalchuk Joe Pavelski 37 1 1 3
3 Alexei Yashin Steve Begin Patrick Kaleta 16 1 2 2
4 Erik Rasmussen Eric Nystrom Pascal Dupuis 10 1 2 2
5 vs 5 Defense
Defense Defense Time % Phy DF OF
1 Steve Montador Ian White 40 1 2 2
2 Joe Callahan Duncan Keith 35 1 2 2
3 Karel Pilar Frantisek Kaberle 20 1 2 2
4 Ian White Duncan Keith 5 0 2 3
PowerPlay Forward
Center Left Wing Right Wing Time % Phy DF OF
1 Pavel Datsyuk Markus Naslund Brad Boyes 50 0 1 4
2 Jonathan Toews Ilya Kovalchuk Joe Pavelski 50 0 1 4
PowerPlay Defense
Defense Defense Time % Phy DF OF
1 Ian White Steve Montador 50 0 2 3
2 Duncan Keith Joe Callahan 50 0 2 3
Penalty Kill 4 Players Forward
Center Wing Time % Phy DF OF
1 Erik Rasmussen Pascal Dupuis 50 1 3 1
2 Alexei Yashin Steve Begin 50 1 3 1
Penalty Kill 4 Players Defense
Defense Defense Time % Phy DF OF
1 Duncan Keith Joe Callahan 50 1 3 1
2 Ian White Steve Montador 50 1 3 1
Penalty Kill - 3 Players Forward
Forward Time % Phy DF OF
1 Pavel Datsyuk 50 1 3 1
2 Ilya Kovalchuk 50 1 3 1
Penalty Kill - 3 Players Defense
Defense Defense Time % Phy DF OF
1 Ian White Steve Montador 50 1 4 0
2 Duncan Keith Joe Callahan 50 1 4 0
4 vs 4 Forward
Center Wing Time % Phy DF OF
1 Pavel Datsyuk Brad Boyes 50 1 2 2
2 Jonathan Toews Ilya Kovalchuk 50 1 2 2
4 vs 4 Defense
Defense Defense Time % Phy DF OF
1 Ian White Steve Montador 50 1 2 2
2 Duncan Keith Joe Callahan 50 1 2 2
Last Minutes Offensive
Center Left Wing Right Wing Defense Defense
Pavel Datsyuk Ilya Kovalchuk Brad Boyes Duncan Keith Ian White
Last Minutes Defensive
Center Left Wing Right Wing Defense Defense
Pavel Datsyuk Ilya Kovalchuk Brad Boyes Duncan Keith Ian White
Goaltenders
Starting : Cam Ward
Backup : Scott Clemmensen
Extra Forwards
Normal : Jonathan Toews, Pavel Datsyuk, Ilya Kovalchuk - PP : Patrick Kaleta, Steve Begin - PK : Markus Naslund
Extra Defensemen
Normal : Duncan Keith, Steve Montador, Ian White - PP : Karel Pilar - PK : Ian White, Karel Pilar
Penalty Shots
Ilya Kovalchuk, Pavel Datsyuk, Brad Boyes, Markus Naslund, Joe Pavelski
% Time on Ice - Blues
Lines # - Real PCT - Wanted PCT - Time Play
Normal Forward
1 - 33% - 40% - 11:37
2 - 28% - 30% - 9:34
3 - 21% - 20% - 7:08
4 - 18% - 10% - 6:22
Normal Defense
1 - 40% - 40% - 13:47
2 - 36% - 30% - 12:24
3 - 22% - 20% - 7:46
4 - 2% - 10% - 0:44
PP Forward
1 - 58% - 60% - 8:43
2 - 42% - 40% - 6:21
PP Defense
1 - 57% - 60% - 8:38
2 - 43% - 40% - 6:26
PK Forward
1 - 72% - 60% - 7:21
2 - 28% - 40% - 2:54
PK Defense
1 - 58% - 60% - 5:59
2 - 42% - 40% - 4:16
PK3 Forward
1 - 0% - 60%
2 - 0% - 40%
PK3 Defense
1 - 0% - 60%
2 - 0% - 40%
44 Forward
1 - 0% - 60%
2 - 0% - 40%
44 Defense
1 - 0% - 60%
2 - 0% - 40%
Last Minute Offensive - 0:00
Last Minute Defensive - 0:00
Total
Forward - 60:00
Defense - 60:00
|
% Time on Ice - Oilers
Lines # - Real PCT - Wanted PCT - Time Play
Normal Forward
1 - 33% - 37% - 11:30
2 - 32% - 37% - 11:15
3 - 21% - 16% - 7:26
4 - 13% - 10% - 4:30
Normal Defense
1 - 37% - 40% - 12:58
2 - 35% - 35% - 12:12
3 - 27% - 20% - 9:31
4 - 0% - 5% - 0:00
PP Forward
1 - 51% - 50% - 5:11
2 - 49% - 50% - 5:04
PP Defense
1 - 52% - 50% - 5:17
2 - 48% - 50% - 4:58
PK Forward
1 - 50% - 50% - 7:28
2 - 50% - 50% - 7:36
PK Defense
1 - 46% - 50% - 6:55
2 - 54% - 50% - 8:09
PK3 Forward
1 - 0% - 50%
2 - 0% - 50%
PK3 Defense
1 - 0% - 50%
2 - 0% - 50%
44 Forward
1 - 0% - 50%
2 - 0% - 50%
44 Defense
1 - 0% - 50%
2 - 0% - 50%
Last Minute Offensive - 0:00
Last Minute Defensive - 0:00
Total
Forward - 60:00
Defense - 60:00
|
Play by Play
1st period
0:01 of 1st period - Travis Zajac wins face-off versus Pavel Datsyuk in neutral zone.
0:08 of 1st period - Wrist shot by Jarome Iginla.
0:08 of 1st period - Deflect By Paul Kariya.
0:08 of 1st period - Shot Blocked by Steve Montador.
0:08 of 1st period - Puck is out of play.
0:09 of 1st period - Pavel Datsyuk wins face-off versus Jarome Iginla in Oilers zone.
0:26 of 1st period - Wrist shot by Travis Zajac.
0:26 of 1st period - Shot Misses the Net.
0:28 of 1st period - Wrist shot by Dan Boyle.
0:28 of 1st period - Stopped by Cam Ward with a rebound.
0:30 of 1st period - Slapshot by Paul Kariya.
0:30 of 1st period - Stopped by Cam Ward with a rebound.
0:32 of 1st period - Slapshot by Brian Lee.
0:32 of 1st period - Stopped by Cam Ward without a rebound.
0:33 of 1st period - Jonathan Toews wins face-off versus Nik Antropov in Oilers zone.
0:48 of 1st period - Snap shot by Joe Pavelski.
0:48 of 1st period - Shot Misses the Net.
0:55 of 1st period - Minor Penalty to Patrick Kaleta for Boarding.
0:56 of 1st period - Nik Antropov wins face-off versus Erik Rasmussen in Oilers zone.
1:27 of 1st period - Off-side.
1:28 of 1st period - Erik Rasmussen wins face-off versus Nik Antropov in neutral zone.
2:43 of 1st period - Joe Corvo is hit by Duncan Keith and loses puck.
2:55 of 1st period - Penalty to Patrick Kaleta is over, Patrick Kaleta is back on ice.
2:59 of 1st period - Nik Antropov is hit by Patrick Kaleta and loses puck.
3:14 of 1st period - Slapshot by Steve Begin.
3:14 of 1st period - Stopped by Tim Thomas without a rebound.
3:15 of 1st period - Andrew Cogliano wins face-off versus Pavel Datsyuk in Blues zone.
4:04 of 1st period - Slapshot by Brent Burns.
4:04 of 1st period - Deflect By Steve Bernier.
4:04 of 1st period - Shot Misses the Net.
4:04 of 1st period - Puck is out of play.
4:05 of 1st period - Jonathan Toews wins face-off versus Paul Kariya in Oilers zone.
4:56 of 1st period - Minor Penalty to David Perron for Interference.
4:57 of 1st period - Matthew Lombardi wins face-off versus Pavel Datsyuk in Blues zone.
6:16 of 1st period - Slapshot by Darcy Hordichuk.
6:16 of 1st period - Shot Blocked by Duncan Keith.
6:46 of 1st period - Snap shot by Jamie Langenbrunner.
6:46 of 1st period - Goal by Jamie Langenbrunner - Blues : 1 - Oilers : 0.
6:47 of 1st period - Jonathan Toews wins face-off versus Matthew Lombardi in neutral zone.
6:56 of 1st period - Penalty to David Perron is over, David Perron is back on ice.
7:08 of 1st period - Icing by Brent Burns.
7:09 of 1st period - Alexei Yashin wins face-off versus Matthew Lombardi in Blues zone.
7:10 of 1st period - Wrist shot by Steve Begin.
7:10 of 1st period - Shot Misses the Net.
7:17 of 1st period - Minor Penalty to Markus Naslund for Hooking.
7:18 of 1st period - Alexei Yashin wins face-off versus Nik Antropov in Oilers zone.
7:27 of 1st period - Wrist shot by Nik Antropov.
7:27 of 1st period - Deflect By Paul Kariya.
7:27 of 1st period - Goal by Paul Kariya - Blues : 2 - Oilers : 0.
7:28 of 1st period - Jonathan Toews wins face-off versus Nik Antropov in neutral zone.
8:13 of 1st period - Slapshot by Erik Rasmussen.
8:13 of 1st period - Stopped by Tim Thomas with a rebound.
8:23 of 1st period - Slapshot by David Perron.
8:23 of 1st period - Deflect By Matthew Lombardi.
8:23 of 1st period - Stopped by Cam Ward without a rebound.
8:24 of 1st period - Nik Antropov wins face-off versus Jonathan Toews in Oilers zone.
8:34 of 1st period - Minor Penalty to Ilya Kovalchuk for High sticking.
8:35 of 1st period - Alexei Yashin wins face-off versus Paul Kariya in Oilers zone.
10:34 of 1st period - Penalty to Ilya Kovalchuk is over, Ilya Kovalchuk is back on ice.
11:22 of 1st period - Joe Pavelski is hit by Blake Wheeler and loses puck.
12:14 of 1st period - Icing by Markus Naslund.
12:15 of 1st period - Alexei Yashin wins face-off versus Matthew Lombardi in Oilers zone.
12:20 of 1st period - Snap shot by Patrick Kaleta.
12:20 of 1st period - Shot Blocked by Brent Burns.
12:47 of 1st period - Wrist shot by Pavel Datsyuk.
12:47 of 1st period - Goal by Pavel Datsyuk - Blues : 2 - Oilers : 1.
12:48 of 1st period - Travis Zajac wins face-off versus Jonathan Toews in neutral zone.
13:13 of 1st period - Duncan Keith is hit by Nik Antropov and loses puck.
13:32 of 1st period - Wrist shot by Erik Rasmussen.
13:32 of 1st period - Shot Misses the Net.
13:48 of 1st period - Jamie Langenbrunner is hit by Eric Nystrom and loses puck.
14:05 of 1st period - Wrist shot by David Perron.
14:05 of 1st period - Stopped by Cam Ward without a rebound.
14:06 of 1st period - Jonathan Toews wins face-off versus Travis Zajac in Oilers zone.
14:13 of 1st period - Wrist shot by Ilya Kovalchuk.
14:13 of 1st period - Goal by Ilya Kovalchuk - Blues : 2 - Oilers : 2.
14:14 of 1st period - Jonathan Toews wins face-off versus Travis Zajac in neutral zone.
14:24 of 1st period - Snap shot by Jonathan Toews.
14:24 of 1st period - Stopped by Tim Thomas with a rebound.
14:26 of 1st period - Slapshot by Ian White.
14:26 of 1st period - Shot Misses the Net.
14:28 of 1st period - Backhand shot by Joe Pavelski.
14:28 of 1st period - Stopped by Tim Thomas with a rebound.
15:11 of 1st period - David Perron is hit by Joe Callahan and loses puck.
15:46 of 1st period - Slapshot by Duncan Keith.
15:46 of 1st period - Shot Blocked by Brian Lee.
15:48 of 1st period - Snap shot by Ilya Kovalchuk.
15:48 of 1st period - Stopped by Tim Thomas with a rebound.
15:50 of 1st period - Snap shot by Ilya Kovalchuk.
15:50 of 1st period - Stopped by Tim Thomas with a rebound.
15:52 of 1st period - Slapshot by Duncan Keith.
15:52 of 1st period - Stopped by Tim Thomas with a rebound.
15:54 of 1st period - Slapshot by Duncan Keith.
15:54 of 1st period - Deflect By Ilya Kovalchuk.
15:54 of 1st period - Stopped by Tim Thomas with a rebound.
16:06 of 1st period - Snap shot by Nik Antropov.
16:06 of 1st period - Stopped by Cam Ward with a rebound.
16:08 of 1st period - Snap shot by Darcy Hordichuk.
16:08 of 1st period - Stopped by Cam Ward without a rebound.
16:09 of 1st period - Pavel Datsyuk wins face-off versus Nik Antropov in Oilers zone.
17:00 of 1st period - Snap shot by Nik Antropov.
17:00 of 1st period - Shot Misses the Net.
17:02 of 1st period - Snap shot by Jamie Langenbrunner.
17:02 of 1st period - Shot Misses the Net.
17:04 of 1st period - Slapshot by Drew Fata.
17:04 of 1st period - Shot Blocked by Karel Pilar.
17:06 of 1st period - Slapshot by Drew Fata.
17:06 of 1st period - Deflect By Darcy Hordichuk.
17:06 of 1st period - Goal by Darcy Hordichuk - Blues : 3 - Oilers : 2.
17:07 of 1st period - Travis Zajac wins face-off versus Jonathan Toews in neutral zone.
17:32 of 1st period - Matthew Lombardi is hit by Steve Montador.
18:02 of 1st period - Snap shot by Alexei Yashin.
18:02 of 1st period - Shot Blocked by Andrew Cogliano.
18:29 of 1st period - Minor Penalty to Jarome Iginla for Roughing.
18:30 of 1st period - Jonathan Toews wins face-off versus Matthew Lombardi in Blues zone.
19:44 of 1st period - Icing by Joe Callahan.
19:45 of 1st period - Matthew Lombardi wins face-off versus Jonathan Toews in Oilers zone.
2nd period
0:01 of 2nd period - Pavel Datsyuk wins face-off versus Matthew Lombardi in neutral zone.
0:04 of 2nd period - Wrist shot by Ian White.
0:04 of 2nd period - Stopped by Tim Thomas without a rebound.
0:05 of 2nd period - Matthew Lombardi wins face-off versus Pavel Datsyuk in Blues zone.
0:29 of 2nd period - Penalty to Jarome Iginla is over, Jarome Iginla is back on ice.
0:38 of 2nd period - Snap shot by Pavel Datsyuk.
0:38 of 2nd period - Stopped by Tim Thomas with a rebound.
0:47 of 2nd period - Off-side.
0:48 of 2nd period - Nik Antropov wins face-off versus Jonathan Toews in neutral zone.
0:51 of 2nd period - Joe Callahan is hit by Darcy Hordichuk and loses puck.
1:15 of 2nd period - Dan Boyle is hit by Eric Nystrom and loses puck.
2:15 of 2nd period - Snap shot by Jamie Langenbrunner.
2:15 of 2nd period - Shot Misses the Net.
2:17 of 2nd period - Wrist shot by Jamie Langenbrunner.
2:17 of 2nd period - Shot Blocked by Pavel Datsyuk.
2:19 of 2nd period - Snap shot by Jamie Langenbrunner.
2:19 of 2nd period - Stopped by Cam Ward with a rebound.
2:41 of 2nd period - Slapshot by Ian White.
2:41 of 2nd period - Stopped by Tim Thomas with a rebound.
3:23 of 2nd period - Wrist shot by Joe Pavelski.
3:23 of 2nd period - Stopped by Tim Thomas without a rebound.
3:24 of 2nd period - Travis Zajac wins face-off versus Pavel Datsyuk in Blues zone.
3:49 of 2nd period - Darcy Hordichuk is hit by Duncan Keith and loses puck.
5:04 of 2nd period - Minor Penalty to Steve Montador for Interference.
5:05 of 2nd period - Alexei Yashin wins face-off versus Nik Antropov in Oilers zone.
5:05 of 2nd period - Alexei Yashin is hit by Joe Corvo.
6:59 of 2nd period - Slapshot by Dan Boyle.
6:59 of 2nd period - Shot Blocked by Pascal Dupuis.
7:04 of 2nd period - Penalty to Steve Montador is over, Steve Montador is back on ice.
7:17 of 2nd period - Wrist shot by Steve Begin.
7:17 of 2nd period - Stopped by Tim Thomas with a rebound.
7:39 of 2nd period - Blake Wheeler is hit by Brad Boyes and loses puck.
8:00 of 2nd period - Frantisek Kaberle is hit by Dan Boyle and loses puck.
8:16 of 2nd period - Pavel Datsyuk is hit by Joe Corvo and loses puck.
8:44 of 2nd period - Joe Callahan is hit by Steve Bernier and loses puck.
9:00 of 2nd period - Brian Lee is hit by Joe Callahan and loses puck.
9:11 of 2nd period - Frantisek Kaberle is hit by Matthew Lombardi and loses puck.
9:26 of 2nd period - Travis Zajac is hit by Steve Begin.
9:36 of 2nd period - Pascal Dupuis is hit by Brent Burns and loses puck.
9:48 of 2nd period - Icing by Joe Callahan.
9:49 of 2nd period - Matthew Lombardi wins face-off versus Jonathan Toews in Oilers zone.
9:50 of 2nd period - Wrist shot by David Perron.
9:50 of 2nd period - Stopped by Cam Ward with a rebound.
10:53 of 2nd period - Wrist shot by David Perron.
10:53 of 2nd period - Shot Blocked by Alexei Yashin.
11:11 of 2nd period - Wrist shot by Jarome Iginla.
11:11 of 2nd period - Stopped by Cam Ward without a rebound.
11:12 of 2nd period - Jonathan Toews wins face-off versus Travis Zajac in Oilers zone.
11:27 of 2nd period - Snap shot by Travis Zajac.
11:27 of 2nd period - Shot Blocked by Ilya Kovalchuk.
11:34 of 2nd period - Icing by Jonathan Toews.
11:35 of 2nd period - Pavel Datsyuk wins face-off versus Nik Antropov in Oilers zone.
11:35 of 2nd period - Pavel Datsyuk is hit by Jamie Langenbrunner.
11:40 of 2nd period - Icing by Brad Boyes.
11:41 of 2nd period - Nik Antropov wins face-off versus Brad Boyes in Oilers zone.
12:03 of 2nd period - Wrist shot by Darcy Hordichuk.
12:03 of 2nd period - Stopped by Cam Ward without a rebound.
12:03 of 2nd period - Major / Game Misconduct Penalty to Cam Ward for Unsportsmanlike conduct.
12:03 of 2nd period - Cam Ward is ejected from game.
12:03 of 2nd period - Scott Clemmensen enters game.
12:04 of 2nd period - Nik Antropov wins face-off versus Alexei Yashin in Oilers zone.
12:07 of 2nd period - Snap shot by Nik Antropov.
12:07 of 2nd period - Stopped by Scott Clemmensen with a rebound.
12:11 of 2nd period - Wrist shot by Jarome Iginla.
12:11 of 2nd period - Shot Misses the Net.
12:13 of 2nd period - Wrist shot by Jarome Iginla.
12:13 of 2nd period - Shot Blocked by Duncan Keith.
12:29 of 2nd period - Travis Zajac is hit by Joe Callahan and loses puck.
15:26 of 2nd period - Wrist shot by Jonathan Toews.
15:26 of 2nd period - Shot Misses the Net.
15:40 of 2nd period - Darcy Hordichuk is hit by Pascal Dupuis and loses puck.
15:59 of 2nd period - Blake Wheeler is hit by Ian White and loses puck.
17:03 of 2nd period - Penalty to Frantisek Kaberle is over, Frantisek Kaberle is back on ice.
17:14 of 2nd period - Brent Burns is hit by Markus Naslund and loses puck.
17:31 of 2nd period - Matthew Lombardi is hit by Jonathan Toews and loses puck.
19:52 of 2nd period - Jamie Langenbrunner is hit by Steve Begin and loses puck.
19:59 of 2nd period - Nik Antropov is hit by Alexei Yashin and loses puck.
3rd period
0:01 of 3rd period - Jonathan Toews wins face-off versus Travis Zajac in neutral zone.
0:26 of 3rd period - Dan Boyle is hit by Steve Montador and loses puck.
0:39 of 3rd period - Ian White is hit by Darcy Hordichuk and loses puck.
0:52 of 3rd period - Wrist shot by David Perron.
0:52 of 3rd period - Stopped by Scott Clemmensen with a rebound.
0:54 of 3rd period - Wrist shot by Matthew Lombardi.
0:54 of 3rd period - Stopped by Scott Clemmensen without a rebound.
0:55 of 3rd period - Travis Zajac wins face-off versus Alexei Yashin in Oilers zone.
1:10 of 3rd period - Slapshot by Alexei Yashin.
1:10 of 3rd period - Stopped by Tim Thomas without a rebound.
1:11 of 3rd period - Jonathan Toews wins face-off versus Nik Antropov in Blues zone.
1:42 of 3rd period - Ian White is hit by Jamie Langenbrunner and loses puck.
1:47 of 3rd period - Slapshot by Dan Boyle.
1:47 of 3rd period - Deflect By Darcy Hordichuk.
1:47 of 3rd period - Stopped by Scott Clemmensen with a rebound.
1:49 of 3rd period - Wrist shot by Jamie Langenbrunner.
1:49 of 3rd period - Shot Misses the Net.
1:52 of 3rd period - Minor Penalty to Nik Antropov for Hooking.
1:53 of 3rd period - Matthew Lombardi wins face-off versus Jonathan Toews in Blues zone.
2:06 of 3rd period - Wrist shot by Joe Pavelski.
2:06 of 3rd period - Shot Misses the Net.
2:08 of 3rd period - Wrist shot by Ilya Kovalchuk.
2:08 of 3rd period - Stopped by Tim Thomas with a rebound.
2:22 of 3rd period - Slapshot by Ian White.
2:22 of 3rd period - Stopped by Tim Thomas without a rebound.
2:23 of 3rd period - Pavel Datsyuk wins face-off versus Matthew Lombardi in Blues zone.
2:28 of 3rd period - Backhand shot by Pavel Datsyuk.
2:28 of 3rd period - Goal by Pavel Datsyuk - Blues : 3 - Oilers : 3.
2:29 of 3rd period - Jonathan Toews wins face-off versus Travis Zajac in neutral zone.
2:38 of 3rd period - Snap shot by Ilya Kovalchuk.
2:38 of 3rd period - Deflect By Jonathan Toews.
2:38 of 3rd period - Shot Misses the Net.
2:38 of 3rd period - Puck is out of play.
2:39 of 3rd period - Ilya Kovalchuk wins face-off versus Paul Kariya in Blues zone.
3:01 of 3rd period - Wrist shot by Jonathan Toews.
3:01 of 3rd period - Shot Blocked by Paul Kariya.
3:03 of 3rd period - Wrist shot by Jonathan Toews.
3:03 of 3rd period - Stopped by Tim Thomas without a rebound.
3:04 of 3rd period - Pavel Datsyuk wins face-off versus Nik Antropov in Blues zone.
3:39 of 3rd period - Minor Penalty to Steve Begin for Hooking.
3:40 of 3rd period - Alexei Yashin wins face-off versus Nik Antropov in Oilers zone.
4:05 of 3rd period - Brent Burns is hit by Markus Naslund and loses puck.
5:04 of 3rd period - Nik Antropov is hit by Steve Montador and loses puck.
5:39 of 3rd period - Penalty to Steve Begin is over, Steve Begin is back on ice.
5:41 of 3rd period - Wrist shot by Darcy Hordichuk.
5:41 of 3rd period - Shot Blocked by Steve Montador.
5:43 of 3rd period - Slapshot by Drew Fata.
5:43 of 3rd period - Shot Hit the Post.
5:45 of 3rd period - Snap shot by Darcy Hordichuk.
5:45 of 3rd period - Deflect By Blake Wheeler.
5:45 of 3rd period - Shot Misses the Net.
5:45 of 3rd period - Puck is out of play.
5:46 of 3rd period - Jonathan Toews wins face-off versus Blake Wheeler in Oilers zone.
5:51 of 3rd period - Snap shot by Steve Bernier.
5:51 of 3rd period - Stopped by Scott Clemmensen with a rebound.
6:03 of 3rd period - Duncan Keith is hit by Steve Bernier and loses puck.
6:08 of 3rd period - Wrist shot by Darcy Hordichuk.
6:08 of 3rd period - Stopped by Scott Clemmensen without a rebound.
6:09 of 3rd period - Pavel Datsyuk wins face-off versus Travis Zajac in Oilers zone.
6:24 of 3rd period - Pavel Datsyuk is hit by Paul Kariya and loses puck.
7:01 of 3rd period - Wrist shot by Steve Bernier.
7:01 of 3rd period - Stopped by Scott Clemmensen without a rebound.
7:02 of 3rd period - Andrew Cogliano wins face-off versus Pavel Datsyuk in Oilers zone.
7:11 of 3rd period - Wrist shot by Pavel Datsyuk.
7:11 of 3rd period - Shot Misses the Net.
7:13 of 3rd period - Snap shot by Brad Boyes.
7:13 of 3rd period - Stopped by Tim Thomas without a rebound.
7:14 of 3rd period - Jonathan Toews wins face-off versus Travis Zajac in Blues zone.
7:41 of 3rd period - Minor Penalty to Darcy Hordichuk for Hooking.
7:42 of 3rd period - Jonathan Toews wins face-off versus Matthew Lombardi in Blues zone.
9:18 of 3rd period - Icing by Joe Callahan.
9:19 of 3rd period - Jonathan Toews wins face-off versus Nik Antropov in Oilers zone.
9:19 of 3rd period - Jonathan Toews is hit by Jamie Langenbrunner.
9:41 of 3rd period - Penalty to Darcy Hordichuk is over, Darcy Hordichuk is back on ice.
9:47 of 3rd period - Snap shot by Matthew Lombardi.
9:47 of 3rd period - Shot Misses the Net.
9:49 of 3rd period - Backhand shot by Bryce Lampman.
9:49 of 3rd period - Shot Blocked by Alexei Yashin.
9:53 of 3rd period - Wrist shot by Matthew Lombardi.
9:53 of 3rd period - Stopped by Scott Clemmensen with a rebound.
9:55 of 3rd period - Wrist shot by Darcy Hordichuk.
9:55 of 3rd period - Goal by Darcy Hordichuk - Blues : 4 - Oilers : 3.
9:56 of 3rd period - Jamie Langenbrunner wins face-off versus Jonathan Toews in neutral zone.
10:21 of 3rd period - Pavel Datsyuk is hit by Paul Kariya and loses puck.
11:05 of 3rd period - Slapshot by Ian White.
11:05 of 3rd period - Stopped by Tim Thomas with a rebound.
11:07 of 3rd period - Wrist shot by Erik Rasmussen.
11:07 of 3rd period - Stopped by Tim Thomas without a rebound.
11:08 of 3rd period - Ilya Kovalchuk wins face-off versus Travis Zajac in Blues zone.
11:09 of 3rd period - Slapshot by Joe Pavelski.
11:09 of 3rd period - Stopped by Tim Thomas with a rebound.
11:35 of 3rd period - Duncan Keith is hit by Bryce Lampman.
11:57 of 3rd period - Snap shot by Patrick Kaleta.
11:57 of 3rd period - Shot Misses the Net.
11:59 of 3rd period - Snap shot by Steve Begin.
11:59 of 3rd period - Shot Blocked by Blake Wheeler.
12:09 of 3rd period - Slapshot by Steve Begin.
12:09 of 3rd period - Stopped by Tim Thomas with a rebound.
12:29 of 3rd period - Snap shot by Erik Rasmussen.
12:29 of 3rd period - Shot Misses the Net.
12:32 of 3rd period - Minor Penalty to Joe Corvo for Hooking.
12:33 of 3rd period - Matthew Lombardi wins face-off versus Jonathan Toews in Blues zone.
12:57 of 3rd period - Off-side.
12:58 of 3rd period - Matthew Lombardi wins face-off versus Markus Naslund in neutral zone.
13:13 of 3rd period - Wrist shot by Pavel Datsyuk.
13:13 of 3rd period - Shot Misses the Net.
14:32 of 3rd period - Penalty to Joe Corvo is over, Joe Corvo is back on ice.
14:35 of 3rd period - Darcy Hordichuk is hit by Steve Montador.
15:10 of 3rd period - Snap shot by Andrew Cogliano.
15:10 of 3rd period - Shot Misses the Net.
15:28 of 3rd period - Snap shot by Pascal Dupuis.
15:28 of 3rd period - Stopped by Tim Thomas without a rebound.
15:29 of 3rd period - Nik Antropov wins face-off versus Alexei Yashin in Blues zone.
15:35 of 3rd period - Off-side.
15:36 of 3rd period - Alexei Yashin wins face-off versus Matthew Lombardi in neutral zone.
15:47 of 3rd period - Backhand shot by David Perron.
15:47 of 3rd period - Shot Blocked by Karel Pilar.
15:53 of 3rd period - Steve Begin is hit by Blake Wheeler and loses puck.
16:07 of 3rd period - Minor Penalty to Alexei Yashin for Interference.
16:08 of 3rd period - Nik Antropov wins face-off versus Erik Rasmussen in Oilers zone.
16:23 of 3rd period - Slapshot by Nik Antropov.
16:23 of 3rd period - Stopped by Scott Clemmensen without a rebound.
16:24 of 3rd period - Markus Naslund wins face-off versus Jarome Iginla in Oilers zone.
16:51 of 3rd period - Pascal Dupuis is hit by David Perron and loses puck.
16:56 of 3rd period - Slapshot by Travis Zajac.
16:56 of 3rd period - Deflect By David Perron.
16:56 of 3rd period - Stopped by Scott Clemmensen with a rebound.
17:12 of 3rd period - Paul Kariya is hit by Steve Begin and loses puck.
18:07 of 3rd period - Penalty to Alexei Yashin is over, Alexei Yashin is back on ice.
18:16 of 3rd period - Minor Penalty to Nigel Dawes for High sticking.
18:17 of 3rd period - Matthew Lombardi wins face-off versus Brad Boyes in Blues zone.
18:26 of 3rd period - Wrist shot by Brad Boyes.
18:26 of 3rd period - Stopped by Tim Thomas with a rebound.
18:28 of 3rd period - Slapshot by Duncan Keith.
18:28 of 3rd period - Shot Blocked by Drew Fata.
18:30 of 3rd period - Slapshot by Duncan Keith.
18:30 of 3rd period - Deflect By Drew Fata.
18:30 of 3rd period - Stopped by Tim Thomas with a rebound.
18:46 of 3rd period - Snap shot by Joe Pavelski.
18:46 of 3rd period - Stopped by Tim Thomas with a rebound.
19:34 of 3rd period - Brad Boyes is hit by Jamie Langenbrunner and loses puck.
19:41 of 3rd period - Nik Antropov is hit by Pavel Datsyuk and loses puck.
Output by the SimonT Hockey Simulator (STHS) for François Prévost -- Original Page W3C XHTML 1.0 Valid